 Dungeon Crawl Stone Soup version 0.32-a0-666-ge8a88695a4 (webtiles) character file.

Game seed: 10114646988097038033

98 Shayle the Apothecary (level 4, 0/30 HPs)
             Began as a Coglin Alchemist on Mar 9, 2024.
             Incinerated by a bombardier beetle (5 damage)
             ... with a burning spray
             ... on level 4 of the Dungeon.
             The game lasted 00:03:43 (1562 turns).

Shayle the Apothecary (Coglin Alchemist)            Turns: 1562, Time: 00:03:44

Health: 0/30       AC:  2    Str:  8    XL:     4   Next: 69%
Magic:  7/7        EV: 12    Int: 17    God:
Gold:   80         SH:  0    Dex: 14    Spells: 3/7 levels left

rFire   . . .        c - +0 rapier {Egon}
rCold   . . .        d - +0 mace {Karolin}
rNeg    . . .        a - +0 robe
rPois   .            (no helmet)
rElec   .            f - +0 cloak
rCorr   .            (no gloves)
SInv    .            (no boots)
Will    .....        (amulet unavailable)
Stlth   +            (ring unavailable)
HPRegen 0.25/turn    (ring unavailable)
MPRegen 0.10/turn    (no gizmo)

%: no passive effects
@: on fire, glowing, revved
A: off-hand wielding, slow wielding, warmup strikes, no jewellery, deformed
body, evolution 1, MP-powered wands
a: Invent Gizmo


You were on level 4 of the Dungeon.
You visited 1 branch of the dungeon, and saw 5 of its levels.

You collected 80 gold pieces.

Inventory:

Hand Weapons
 c - a +0 rapier (weapon) {Egon}
 d - a +0 mace (offhand) {Karolin}
 h - a +2 dagger of distortion
Armour
 a - a +0 robe (worn)
 f - a +0 cloak (worn)
 g - a scarf of resistance
Scrolls
 i - a scroll of enchant armour {unknown}
 j - 5 scrolls of identify {unknown}
 k - a scroll of fear {unknown}
 l - a scroll of blinking {unknown}
 m - a scroll of vulnerability {unknown}
 o - a scroll of teleportation {unknown}
 p - a scroll of enchant weapon {unknown}
Potions
 b - a potion of magic
 e - a potion of berserk rage {unknown}
 q - a potion of curing {unknown}


   Skills:
 + Level 2.6 Dodging
 - Level 1.5 Stealth
 + Level 2.4 Spellcasting
 + Level 2.0 Conjurations
 + Level 4.0 Alchemy


You had 3 spell levels left.
You knew the following spells:

 Your Spells              Type           Power      Damage    Failure   Level
a - Sting                 Conj/Alch      48%        1d6       5%          1
b - Mephitic Cloud        Conj/Alch/Air  8%         N/A       24%         3

Your spell library contained the following spells:

 Spells                   Type           Power      Damage    Failure   Level
 Mercury Vapours          Alch/Air       18%        N/A       12%         2
 Olgreb's Toxic Radiance  Alch           15%        N/A       34%         4
 Sticky Flame             Fire/Alch      9%         2d5       63%         4


Dungeon Overview and Level Annotations

Branches:
Dungeon (5/15)
 Temple: D:4-7

Altars:
Cheibriados
Qazlal


Innate Abilities, Weirdness & Mutations

You can wield a second weapon in your off-hand.
It takes a long time for you to wield or remove held weapons.
Your first few attacks do less damage.
You cannot equip rings or amulets.
Armour fits poorly on your strangely shaped body.
You have hidden genetic potential.
You expend magic power (3 MP) to strengthen your wands.


Message History

A bombardier beetle comes into view.
The bombardier beetle barely misses you.
You hit the bombardier beetle but do no damage.
You hit the bombardier beetle with your +0 rapier.
The bombardier beetle sprays incendiary fluid at you.
The burning spray hits you.
You are covered in liquid fire!
You barely miss the bombardier beetle with your +0 mace.
The bombardier beetle is lightly wounded.
You hit the bombardier beetle but do no damage.
The liquid fire burns you!
You hit the bombardier beetle with your +0 mace.
The bombardier beetle is heavily wounded.
You barely miss the bombardier beetle with your +0 rapier.
The liquid fire burns you!
The bombardier beetle sprays incendiary fluid at you.
The burning spray hits you.
You are even more covered in liquid fire!
You barely miss the bombardier beetle with your +0 rapier.
The bombardier beetle is heavily wounded.
You hit the bombardier beetle but do no damage.
The liquid fire burns you! The bombardier beetle bites you.
Unknown command.
You hit the bombardier beetle with your +0 rapier.
The bombardier beetle is severely wounded.
You closely miss the bombardier beetle with your +0 mace.
The liquid fire burns you! The bombardier beetle bites you.
* * * LOW HITPOINT WARNING * * *
Unknown command.
It was a potion of mutation.
You feel extremely strange.
Your body twists and deforms.
You feel a hidden potential growing inside you.
You feel your magical essence link to the dungeon's wands.
The liquid fire burns you!
* * * LOW HITPOINT WARNING * * *
You shake off some of the fire as you move.
The liquid fire burns you!
You die...

###############
............>.#
#######.####..#
#.# #..# ####.#
#..# #####.#..#
#..# ........##
#..# ####...##
#..#####.##
##...##
#...@.B...#
##..#.##
##.########
.......# #.#
##.##..# #.#
##.##..# #..
.......# ###
#.####.# #.# .#
#.#


You could see a bombardier beetle.

Vanquished Creatures
  A howler monkey (D:5)
  A gnoll (D:1)
  An adder (D:2)
  A dart slug (D:2)
  A ribbon worm (D:2)
  An orc (D:5)
  2 endoplasms
  5 giant cockroaches (D:2)
  A goblin (D:1)
  7 hobgoblins
  A quokka (D:2)
  3 ball pythons
  2 bats
  3 frilled lizards
  3 kobolds
  A rat (D:2)
34 creatures vanquished.

Notes
Turn   | Place    | Note
-------+----------+-------------------------------------------
     0 | D:1      | Shayle the Coglin Alchemist began the quest for the Orb.
     0 | D:1      | Reached XP level 1. HP: 13/13 MP: 3/3
   149 | D:1      | Reached skill level 1 in Conjurations
   206 | D:1      | Reached XP level 2. HP: 17/19 MP: 4/4
   659 | D:2      | Reached XP level 3. HP: 17/24 MP: 3/6
   901 | D:2      | Found a faded altar of an unknown god.
  1405 | D:3      | You fall into a shaft and drop 2 floors!
  1405 | D:5      | Entered Level 5 of the Dungeon
  1410 | D:5      | Learned a level 3 spell: Mephitic Cloud
  1420 | D:5      | Reached skill level 4 in Alchemy
  1420 | D:5      | Reached XP level 4. HP: 26/30 MP: 7/7
  1468 | D:5      | Found a snail-covered altar of Cheibriados.
  1469 | D:5      | Found a stormy altar of Qazlal.
  1561 | D:4      | Gained mutation: Armour fits poorly on your strangely
                  | shaped body. [potion of mutation]
  1561 | D:4      | Gained mutation: You have hidden genetic potential. [potion
                  | of mutation]
  1561 | D:4      | Gained mutation: You expend magic power (3 MP) to
                  | strengthen your wands. [potion of mutation]
  1562 | D:4      | Incinerated by a bombardier beetle

Illustrated notes

Levels and vault maps discovered:
D:1:      dpeg_arrival_erosion, layout_basic
D:2:      layout_basic, nicolae_ecumenical_oubliette, minmay_worlds_worst_comb
D:3:      layout_loops_ring, minmay_misc_feat_x, corexii_item_surrounded_by_moat
D:4:      layout_basic, dk_yredelemnul_ordeal, uniq_grinder, uniq_edmund,
          uniq_sigmund
D:5:      layout_basic, amcnicky_altar_gilded, mainiacjoe_overflow_divided_tiny,
          uniq_blork_the_orc

Skill      XL: |  1  2  3 |
---------------+----------+-----
Conjurations   | 1 2 |  2.0
Dodging        | 2 |  2.6
Spellcasting   | 2 |  2.4
Alchemy        | 4 |  4.0
Stealth        | |  1.5

Action                     |  1- 3 |  4- 6 || total
---------------------------+-------+-------++-------
  Melee: Mace              |    50 |     9 ||    59
         Rapier            |    53 |     9 ||    62
   Cast: Sting             |    11 |     1 ||    12
    Use: Potion            |       |     1 ||     1
   Stab: Sleeping          |     4 |     1 ||     5
 Armour: Robe              |    38 |     3 ||    41
  Dodge: Dodged            |    35 |     2 ||    37

Table legend: (Time is in decaauts)
 A = Elapsed time spent in this place.
 B = Non-inter-level travel time spent in this place.
 C = Inter-level travel time spent in this place.
 D = Time resting spent in this place.
 E = Time spent auto-exploring this place.
 F = Levels seen in this place.
 G = Mean time per level.
                   A        B        C        D        E       F      G
               +--------+--------+--------+--------+--------+-----+--------+
         Total |   1581 |   1539 |     42 |     40 |   1048 |   5 |  316.2 |
       Dungeon |   1581 |   1539 |     42 |     40 |   1048 |   5 |  316.2 |
               +--------+--------+--------+--------+--------+-----+--------+

Top non-repeatable levels by time:
     D:2: 721 daAuts
     D:1: 584 daAuts
     D:3: 114 daAuts
     D:5: 87 daAuts
     D:4: 73 daAuts
